 Dungeon Crawl Stone Soup version 0.26-a0-1181-gd376ed14c5 (webtiles) character file.

Game seed: 7419393010620935669

75 runemasterragnar the Bolt Thrower (level 4, 0/27 HPs)
             Began as a Kobold Hunter on Dec 26, 2020.
             Slain by a goblin
             ... wielding a +0 club
             ... led by Robin
              (7 damage)
             ... on level 2 of the Dungeon.
             The game lasted 00:01:36 (927 turns).

runemasterragnar the Bolt Thrower (Kobold Hunter)    Turns: 927, Time: 00:01:36

Health: 0/27       AC: 10    Str: 10    XL:     4   Next: 55%
Magic:  4/4        EV: 15    Int: 12    God:
Gold:   78         SH:  0    Dex: 15    Spells: 3/3 levels left

rFire    . . .     SeeInvis .   b - +2 short sword (protect)
rCold    . . .     Faith    .   (shield restricted)
rNeg     . . .     Spirit   .   c - +0 leather armour
rPois    .         Reflect  .   (no helmet)
rElec    .         Harm     .   (no cloak)
rCorr    .         Rampage  .   (no gloves)
Will     .....                  (no boots)
Stlth    ++++......             (no amulet)
HPRegen  0.09/turn              n - ring of stealth
MPRegen  0.09/turn              (no ring)

@: protection aura
A: small, nightstalker 3
a: no special abilities


You were on level 2 of the Dungeon.
You visited 1 branch of the dungeon, and saw 2 of its levels.

You collected 78 gold pieces.

Inventory:

Hand Weapons
 a - a +1 hand crossbow
 b - a +2 short sword of protection (weapon)
Armour
 c - a +0 leather armour (worn)
Jewellery
 n - a ring of stealth (left hand)
Wands
 l - a wand of disintegration (8)
Scrolls
 e - a scroll of blinking {unknown}
 f - a scroll of teleportation {unknown}
 g - a scroll of remove curse {unknown}
 h - 2 scrolls of amnesia {unknown}
 i - a scroll of identify {unknown}
 m - a scroll of enchant weapon {unknown}
Potions
 j - 2 potions of might {unknown}
 k - a potion of attraction {unknown}
 o - a potion of magic {unknown}


   Skills:
 + Level 2.9 Fighting
 + Level 2.0 Short Blades
 + Level 5.3 Crossbows
 + Level 3.2 Dodging
 + Level 2.7 Stealth


You had 3 spell levels left.
You didn't know any spells.
Your spell library was empty.

Dungeon Overview and Level Annotations

Branches:
Dungeon (2/15)

Altars:

Annotations:
D:2 Robin


Innate Abilities, Weirdness & Mutations

You are small and have problems with some larger weapons.
You are completely attuned to the shadows.


Message History

Robin shouts!
You hear a shout! x5
There is an escape hatch in the floor here.
You hear a shout!
There are monsters nearby!
There are monsters nearby!
You hit Robin but do no damage.
Your weapon exudes an aura of protection.
Robin hits you with a +0 short sword.
* * * LOW HITPOINT WARNING * * *
You hit Robin but do no damage. Robin throws the goblin at you!
You hit Robin.
Robin is lightly wounded.
The goblin barely misses you.
Robin roars a battlecry!
The goblin goes into a battle-frenzy!
You hear a shout!
Robin throws the goblin at you!
* * * LOW HITPOINT WARNING * * *
You closely miss the goblin. The goblin hits you with a +0 club!
You die...

.....## #....#.# .....(.
#....#.# ......# #....#.#
......# #....#.#
...(((################..<.#.#
...())#(..............)####.#
..##.†......................#
#.......>.g.##############
....>.........@#
#####.........g# ##...#####.#
#.†.# #.# #...# #.# #.).#
#.######### ..###...#
#.........# (...(#.##
#########.# .(...#.# #.#


You could see Robin and a goblin (strong).

Vanquished Creatures
  2 adders (D:2)
  2 worms (D:2)
  2 dart slugs
  A leopard gecko (D:1)
  3 bats (D:1)
  2 giant cockroaches
  7 goblins
  7 hobgoblins
  A quokka (D:2)
  3 frilled lizards (D:1)
  6 kobolds
  8 rats
44 creatures vanquished.

Notes
Turn   | Place    | Note
-------+----------+-------------------------------------------
     0 | D:1      | runemasterragnar the Kobold Hunter began the quest for the
                  | Orb.
     0 | D:1      | Reached XP level 1. HP: 12/12 MP: 1/1
   127 | D:1      | Reached XP level 2. HP: 18/18 MP: 2/2
   219 | D:1      | Reached skill level 5 in Crossbows
   226 | D:1      | Reached skill level 1 in Short Blades
   356 | D:1      | Reached XP level 3. HP: 22/22 MP: 3/3
   887 | D:2      | Reached XP level 4. HP: 26/27 MP: 4/4
   915 | D:2      | Noticed Robin
   927 | D:2      | Slain by a goblin

Illustrated notes

Levels and vault maps discovered:
D:1:      eino_arrival_water_star, layout_rooms
D:2:      layout_basic, minmay_misc_feat_hallway, uniq_robin

Skill      XL: |  1  2  3  4 |
---------------+-------------+-----
Crossbows      | 5 |  5.3
Short Blades   | 1 2 |  2.0
Stealth        | 2 |  2.7
Dodging        | 3 |  3.2
Fighting       | |  2.9

Action                   |  1- 3 |  4- 6 || total
-------------------------+-------+-------++-------
Melee: Short sword       |    80 |    12 ||    92
 Fire: Hand crossbow     |    18 |    10 ||    28
 Stab: Sleeping          |    12 |       ||    12
Armor: Leather armour    |    22 |     5 ||    27
Dodge: Dodged            |    62 |    17 ||    79

Table legend: (Time is in decaauts)
 A = Elapsed time spent in this place.
 B = Non-inter-level travel time spent in this place.
 C = Inter-level travel time spent in this place.
 D = Time resting spent in this place.
 E = Time spent auto-exploring this place.
 F = Levels seen in this place.
 G = Mean time per level.
                   A        B        C        D        E       F      G
               +--------+--------+--------+--------+--------+-----+--------+
         Total |    936 |    936 |      0 |      0 |    651 |   2 |  468.0 |
       Dungeon |    936 |    936 |      0 |      0 |    651 |   2 |  468.0 |
               +--------+--------+--------+--------+--------+-----+--------+

Top non-repeatable levels by time:
     D:1: 498 daAuts
     D:2: 438 daAuts
